 Dungeon Crawl Stone Soup version 0.21.1-1-g345015fe64 (webtiles) character file.

16267 Htamos the Bludgeoner (level 12, -4/99 HPs)
             Began as a Demonspawn Berserker on July 15, 2018.
             Was an Elder of Trog.
             Succumbed to Sonja's poison
             ... on level 12 of the Dungeon.
             The game lasted 00:23:15 (13881 turns).

Htamos the Bludgeoner (Demonspawn Berserker)       Turns: 13881, Time: 00:23:16

Health: -4/99      AC: 12    Str: 27    XL:     12   Next: 8%
Magic:  9/12       EV:  8    Int: 10    God:    Trog [****..]
Gold:   584        SH: 11    Dex: 20    Spells: 11/11 levels left

rFire    . . .     SeeInvis .   r - +4 morningstar
rCold    + . .     Gourm    .   H - +3 buckler
rNeg     . . .     Faith    .   y - +0 chain mail "Saoff" {rC+ Str+5 Dex+4}
rPois    .         Spirit   +   q - +2 helmet "Ahul" {Dex+4}
rElec    .         Reflect  .   l - +0 cloak
rCorr    .         Harm     .   (no gloves)
MR       ++...                  (boots unavailable)
Stlth    ..........             (no amulet)
HPRegen  1.26/turn              (no ring)
MPRegen  0.13/turn              (no ring)

@: lethally poisoned (-4 -> -64), berserk cooldown, regenerating, slowed, very
slow
A: hooves 3, large bone plates 1, nightstalker 2, magic shield
a: Berserk, Trog's Hand, Brothers in Arms, Burn Spellbooks, Renounce Religion


You were on level 12 of the Dungeon.
You worshipped Trog.
Trog was greatly pleased with you.
You were hungry.

You visited 1 branch of the dungeon, and saw 12 of its levels.

You collected 584 gold pieces.

Inventory:

Hand Weapons
 a - a +2 dagger of protection
 m - a +0 dagger of venom
 r - a +4 morningstar (weapon)
 E - a cursed -3 dagger
 R - the +4 dagger "Morg" {pain, MR+ Int+5}
   (You found it on level 10 of the Dungeon)

   In the hands of one skilled in necromantic magic, it inflicts extra damage on
   living creatures.
   It affects your intelligence (+5).
   It affects your resistance to hostile enchantments.
 V - a +5 mace
Missiles
 I - 3 silver tomahawks (quivered)
 T - 5 silver javelins
Armour
 b - a +0 animal skin
 g - +0 swamp dragon scales
 l - a +0 cloak (worn)
 q - the +2 helmet "Ahul" (worn) {Dex+4}
   (You found it on level 4 of the Dungeon)

   It affects your dexterity (+4).
 t - a +0 chain mail
 y - the +0 chain mail "Saoff" (worn) {rC+ Str+5 Dex+4}
   (You found it on level 4 of the Dungeon)

   It affects your strength (+5).
   It affects your dexterity (+4).
   It protects you from cold.
 F - a +0 plate armour
 H - a +3 buckler (worn)
Jewellery
 v - an uncursed ring of wizardry {unknown}
 B - an uncursed ring of stealth {unknown}
 G - an uncursed ring of ice {unknown}
Wands
 o - a wand of enslavement (15)
 w - a wand of disintegration (22)
 A - a wand of flame (30)
 L - a wand of digging (6)
 O - a wand of paralysis (17)
 Q - a wand of iceblast (18)
Scrolls
 d - 2 scrolls of identify
 h - 7 scrolls of teleportation
 i - 6 scrolls of fog
 j - 5 scrolls of remove curse
 n - a scroll of noise
 x - 3 scrolls of magic mapping
 C - a scroll of fear
 K - 4 scrolls of enchant armour
 M - 2 scrolls of amnesia
 N - a scroll of immolation
Potions
 e - 3 potions of ambrosia
 f - 3 potions of might
 k - 2 potions of lignification
 p - 5 potions of brilliance
 s - 2 potions of agility
 u - 6 potions of degeneration
 z - 3 potions of haste
 D - 3 potions of curing
 J - 2 potions of cancellation
 U - 2 potions of berserk rage
 W - a potion of resistance
Books
 P - a book of Maledictions

   Spells                             Type                      Level
   a - Corona                         Hexes                        1
   b - Ensorcelled Hibernation        Hexes/Ice                    2
   c - Confuse                        Hexes                        3
   d - Tukima's Dance                 Hexes                        3
   e - Dazzling Spray                 Conjuration/Hexes            3
   Trog disapproves of the use of such an item.
Comestibles
 c - 11 rations


   Skills:
 + Level 10.7 Fighting
 - Level 15.0 Maces & Flails
 - Level 1.8 Armour
 - Level 1.8 Dodging


You had 11 spell levels left.
You didn't know any spells.

Dungeon Overview and Level Annotations

Branches:
Dungeon (12/15)            Temple (0/1) D:5            Lair (0/6) D:9
    Orc (0/2) D:10

Altars:
Ashenzari
Dithmenos
Fedhas
Hepliaklqana
Nemelex Xobeh
Sif Muna
Xom
Yredelemnul

Shops:
D:5 !   D:12 (

Annotations:
D:12 Sonja


Innate Abilities, Weirdness & Mutations

You have hooves in place of feet.
You are partially covered in large bone plates. (SH +4)
You are significantly more attuned to the shadows.
When hurt, damage is shared between your health and your magic reserves.


Message History

Sonja is almost dead.
* * * LOW HITPOINT WARNING * * *
You feel extremely sick.
You block Sonja's attack. x2; Sonja hits you but does no damage.
You are more poisoned.
Unknown command.
You miss Sonja. Your kick misses Sonja.
Sonja is almost dead.
* * * LOW HITPOINT WARNING * * *
You feel extremely sick.
Sonja hits you with an uncursed short sword of venom.
* * * LOW HITPOINT WARNING * * *
You are more poisoned.
Sonja completely misses you. You block Sonja's attack.
Sonja casts a spell.
Sonja blinks!
Your skin crawls.
You feel resistant to hostile enchantments.
You feel somewhat more hungry.
You die...

..# #' #Y#[...# ....
. #Y#....# ####
.....#....#
.....#....#
>....#....#
......##'###.
.............
.......§.....
.......@.....
............# '##
.......K....#
...#########'#.....#
...........†.#.....#
..........(†.#......
.............#.....
.............#
....†..%.....#


You could see Sonja.

Vanquished Creatures
  The ghost of Carigen the Cleaver, a journeyman DDBe of Trog (D:12)
  The ghost of Peloso the Carver, a journeyman MiFi of Okawaru (D:12)
  The ghost of Htamos the Markscentaur, a journeyman CeHu of Okawaru (D:10)
  A hydra (D:11)
  3 two-headed ogres
  Erica (D:8)
  Nergalle (D:11)
  A cyclops (D:12)
  An ugly thing (D:12)
  A deep elf mage (D:12)
  3 trolls
  Grinder (D:4)
  7 hippogriffs
  A spriggan (shapeshifter) (D:12)
  A wraith (D:10)
  2 wyverns (D:8)
  10 yaks
  A basilisk (D:12)
  3 wargs (D:10)
  A soldier ant (D:12)
  An acid dragon (D:12)
  3 orc warriors
  2 sky beasts
  3 black bears
  3 phantoms
  An ice beast (D:5)
  A necrophage (D:8)
  An ogre (D:5)
  3 centaurs
  A crocodile (D:8)
  2 big kobolds
  10 bullfrogs
  3 scorpions
  8 killer bees
  A wight (D:12)
  A crimson imp (D:6)
  2 centaur zombies
  5 jellies
  A quasit (D:2)
  4 bullfrog skeletons
  8 hounds
  7 orc wizards
  2 centaur skeletons
  2 orc priests
  Jessica (D:2)
  3 iguanas
  Ijyb (D:4)
  5 worker ants
  A hound zombie (D:11)
  A hound skeleton (D:7)
  2 worker ant zombies
  2 howler monkey zombies
  6 adders
  4 shadow imps
  An adder skeleton (D:7)
  4 worms
  A dart slug (D:2)
  5 leopard geckos
  28 orcs
  2 giant cockroaches (D:7)
  10 goblins
  11 hobgoblins
  10 jackals
  6 quokkas
  2 ball pythons
  6 bats
  4 frilled lizards
  A jackal zombie (D:6)
  17 kobolds
  8 rats
259 creatures vanquished.

Vanquished Creatures (collateral kills)
  A phantom (D:12)
  2 wights (D:12)
3 creatures vanquished.

Vanquished Creatures (others)
  An orc (D:12)
1 creature vanquished.

Grand Total: 263 creatures vanquished

Notes
Turn   | Place    | Note
-------+----------+-------------------------------------------
     0 | D:1      | Htamos the Demonspawn Berserker began the quest for the Orb.
     0 | D:1      | Reached XP level 1. HP: 18/18 MP: 1/1
   205 | D:1      | Reached skill level 3 in Maces & Flails
   471 | D:1      | Gained mutation: You have large cloven feet. [demonic ancestry]
   471 | D:1      | Reached XP level 2. HP: 23/24 MP: 2/2
  1203 | D:2      | Reached ** piety under Trog
  1203 | D:2      | Reached skill level 4 in Maces & Flails
  1203 | D:2      | Gained mutation: You have hoof-like feet. [demonic ancestry]
  1203 | D:2      | Reached XP level 3. HP: 20/29 MP: 3/3
  1425 | D:2      | Reached XP level 4. HP: 35/35 MP: 4/4
  1779 | D:2      | Noticed Jessica
  1798 | D:2      | Killed Jessica
  1987 | D:2      | Reached skill level 5 in Maces & Flails
  2701 | D:3      | Found a faded altar of an unknown god.
  2705 | D:3      | Gained mutation: You are partially covered in large bone plates. (SH +4) [demonic ancestry]
  2705 | D:3      | Reached XP level 5. HP: 41/41 MP: 5/5
  2873 | D:3      | Reached *** piety under Trog
  3364 | D:4      | Noticed Ijyb
  3375 | D:4      | Killed Ijyb
  3469 | D:4      | Reached skill level 6 in Maces & Flails
  3606 | D:4      | Got a transparent helmet
  3612 | D:4      | Identified the +2 helmet "Ahul" {Dex+4} (You found it on level 4 of the Dungeon)
  3660 | D:4      | Got a brightly glowing chain mail
  3671 | D:4      | Identified the cursed +0 chain mail "Saoff" {rC+ Str+5 Dex+4} (You found it on level 4 of the Dungeon)
  3872 | D:4      | Noticed Grinder
  3873 | D:4      | Paralysed by Grinder for 7 turns
  3898 | D:4      | Killed Grinder
  3898 | D:4      | Reached XP level 6. HP: 33/47 MP: 6/6
  4025 | D:5      | Entered Level 5 of the Dungeon
  4035 | D:5      | Found a blossoming altar of Fedhas.
  4053 | D:5      | Found a staircase to the Ecumenical Temple.
  4065 | D:5      | Reached skill level 7 in Maces & Flails
  4065 | D:5      | Gained mutation: You are slightly more attuned to the shadows. [demonic ancestry]
  4065 | D:5      | Reached XP level 7. HP: 40/52 MP: 7/7
  4281 | D:5      | Reached skill level 8 in Maces & Flails
  4945 | D:5      | Found Qasoxzed's Distillery.
  5367 | D:6      | Found a shattered altar of Ashenzari.
  5533 | D:6      | Gained mutation: You have hooves in place of feet. [demonic ancestry]
  5533 | D:6      | Reached XP level 8. HP: 58/58 MP: 8/8
  5593 | D:6      | Reached skill level 9 in Maces & Flails
  5871 | D:6      | Found a hazy altar of Hepliaklqana.
  6148 | D:6      | Reached skill level 10 in Maces & Flails
  6663 | D:7      | Noticed a hippogriff
  6677 | D:7      | Killed a hippogriff
  6781 | D:7      | Reached skill level 11 in Maces & Flails
  6781 | D:7      | Gained mutation: You are significantly more attuned to the shadows. [demonic ancestry]
  6781 | D:7      | Reached XP level 9. HP: 60/63 MP: 9/9
  7152 | D:7      | Reached **** piety under Trog
  7228 | D:7      | Received a gift from Trog
  7233 | D:7      | Found a basalt altar of Yredelemnul.
  7573 | D:7      | Reached skill level 12 in Maces & Flails
  7841 | D:8      | Found a shadowy altar of Dithmenos.
  8549 | D:8      | Noticed a two-headed ogre
  8558 | D:8      | Killed a two-headed ogre
  8558 | D:8      | Reached skill level 13 in Maces & Flails
  8558 | D:8      | Reached XP level 10. HP: 70/70 MP: 10/10
  8722 | D:8      | Noticed Erica
  8733 | D:8      | Killed Erica
  8734 | D:8      | HP: 5/105 [poisoned by Erica (bolt of poison)]
  8739 | D:8      | HP: 3/70 [poisoned by Erica (bolt of poison)]
  8987 | D:9      | Found a sparkling altar of Nemelex Xobeh.
  9067 | D:9      | Received a gift from Trog
  9329 | D:9      | Reached skill level 14 in Maces & Flails
  9507 | D:9      | Found a deep blue altar of Sif Muna.
  9519 | D:9      | Found a staircase to the Lair.
  9768 | D:9      | Found a shimmering altar of Xom.
  9873 | D:10     | Entered Level 10 of the Dungeon
  9881 | D:10     | Found the +4 dagger "Morg" {pain, MR+ Int+5}
  9889 | D:10     | Noticed Htamos's ghost (journeyman CeHu)
  9910 | D:10     | Killed Htamos's ghost
 10055 | D:10     | Noticed a two-headed ogre
 10064 | D:10     | Killed a two-headed ogre
 10275 | D:10     | Found a staircase to the Orcish Mines.
 10292 | D:10     | Received a gift from Trog
 10464 | D:10     | Reached skill level 15 in Maces & Flails
 10464 | D:10     | Gained mutation: When hurt, damage is shared between your health and your magic reserves. [demonic ancestry]
 10464 | D:10     | Reached XP level 11. HP: 62/75 MP: 11/11
 11234 | D:11     | Noticed a two-headed ogre
 11239 | D:11     | Killed a two-headed ogre
 11303 | D:11     | Noticed Nergalle
 11319 | D:11     | Killed Nergalle
 11319 | D:11     | Reached skill level 5 in Fighting
 11997 | D:11     | Noticed a five-headed hydra
 12005 | D:11     | Killed a five-headed hydra
 12515 | D:12     | Noticed Carigen's ghost (journeyman DDBe)
 12529 | D:12     | Killed Carigen's ghost
 12599 | D:12     | Noticed a deep elf mage
 12602 | D:12     | Noticed a soul eater
 12606 | D:12     | Killed a deep elf mage
 13016 | D:12     | Noticed Peloso's ghost (journeyman MiFi)
 13021 | D:12     | Reached ***** piety under Trog
 13031 | D:12     | Killed Peloso's ghost
 13099 | D:12     | Noticed Sonja
 13560 | D:12     | Noticed a cyan ugly thing
 13565 | D:12     | Killed a cyan ugly thing
 13565 | D:12     | Reached skill level 10 in Fighting
 13588 | D:12     | Reached XP level 12. HP: 51/98 MP: 8/12
 13807 | D:12     | Found Doisopra's Weapon Shoppe.
 13881 | D:12     | Succumbed to Sonja's poison

Skill      XL: |  1  2  3  4  5  6  7  8  9 10 11 |
---------------+----------------------------------+-----
Maces & Flails | 3 4 5 6 7 8 11 13 15 | 15.0
Fighting       | 10 | 10.7
Armour         | |  1.8
Dodging        | |  1.8

Action                   |  1- 3 |  4- 6 |  7- 9 | 10-12 || total
-------------------------+-------+-------+-------+-------++-------
Melee: Mace              |    68 |   146 |   315 |   303 ||   832
       Kick              |    17 |    45 |   156 |   186 ||   404
       Dagger            |       |       |       |    61 ||    61
       Morningstar       |       |       |       |    46 ||    46
Invok: Berserk           |     1 |     1 |     7 |    14 ||    23
       Trog's Hand       |       |     2 |     1 |     2 ||     5
       Brothers in Arms  |       |       |       |     2 ||     2
  Use: Potion            |       |     2 |       |     4 ||     6
       Scroll            |       |       |       |    24 ||    24
 Stab: Sleeping          |     1 |       |       |       ||     1
  Eat: Chunk             |     3 |     8 |    12 |    18 ||    41
       Ration            |       |       |     3 |     4 ||     7
Armor: Swamp dragon scal |    41 |    53 |       |       ||    94
       Chain mail        |       |     7 |    99 |   160 ||   266
Dodge: Dodged            |    64 |    62 |    75 |   111 ||   312
Block: Other             |       |     9 |     4 |       ||    13
       Buckler           |       |       |   129 |   180 ||   309
